[Event "8th Brazilian Open SESC Caioba 2024"]
[Site "Caioba"]
[Date "2024.06.28"]
[Round "7.1"]
[White "Mekhitarian, Krikor Sevag"]
[Black "Delgado Ramirez, Neuris"]
[Result "1/2-1/2"]
[ECO "E11"]
[WhiteElo "2554"]
[BlackElo "2487"]
[Annotator "TA"]
[PlyCount "31"]
[EventDate "2024.06.15"]
[EventCountry "BRA"]
[SourceTitle "playchess.com"]
[Source "ChessBase"]
[SourceQuality "1"]
[TimeControl "5400+30"]

1. d4 Nf6 2. c4 e6 3. Nf3 Bb4+ 4. Bd2 Qe7 5. g3 Bxd2+ 6. Qxd2 d5 7. Bg2 O-O 8. O-O c6 9. Nc3 Nbd7 10. Rfd1 dxc4 {[%emt 0:00:00] The position is equal.} 11. Ne5 Nb6 12. Rac1 Rd8 13. Ne4 Nxe4 14. Bxe4 f6 15. Nxc4 e5 16. Qc3 {[%emt 0:27:24] Weighted Error Value: White=0.05 (flawless) /Black=0.10 (very precise) .  Mistake:       	White=1     	---        OK:         	White=4     	Black=2} (16. Nxb6 $14 axb6 17. Qe3) 1/2-1/2

[Event "8th Brazilian Open SESC Caioba 2024"]
[Site "Caioba"]
[Date "2024.06.28"]
[Round "7.4"]
[White "Duarte Napoles, Fanny"]
[Black "Perdomo, Leandro"]
[Result "1/2-1/2"]
[ECO "E71"]
[WhiteElo "2202"]
[BlackElo "2391"]
[Annotator "RC"]
[PlyCount "69"]
[EventDate "2024.06.15"]
[EventCountry "BRA"]
[SourceTitle "playchess.com"]
[Source "ChessBase"]
[SourceQuality "1"]
[TimeControl "5400+30"]

1. d4 Nf6 2. c4 g6 3. Nc3 Bg7 4. e4 d6 5. h3 O-O 6. Be3 e5 7. d5 Na6 8. g4 Nc5 9. f3 c6 10. Nge2 cxd5 11. cxd5 h5 12. Qd2 Bd7 13. Ng3 h4 14. Nge2 Nh7 15. b4 Na6 16. a3 Bf6 17. Nc1 Bg5 18. Nb3 Rc8 19. Be2 Bxe3 20. Qxe3 Qb6 21. Qxb6 axb6 22. Rc1 Ng5 23. Kf2 Kh7 24. Kg2 Rc7 25. Na2 Rfc8 26. Rxc7 Rxc7 27. Rc1 Rxc1 28. Naxc1 Nc7 29. Nd2 b5 30. Nb1 f5 31. Nc3 Kg7 32. Nb3 b6 33. Bd3 f4 34. Bf1 Kf8 35. Kf2 1/2-1/2

[Event "8th Brazilian Open SESC Caioba 2024"]
[Site "Caioba"]
[Date "2024.06.28"]
[Round "7.5"]
[White "Nemeth Junior, Henrique"]
[Black "Filgueiras, Nathan Felipe"]
[Result "0-1"]
[ECO "D32"]
[WhiteElo "2191"]
[BlackElo "2294"]
[Annotator "RC"]
[PlyCount "37"]
[EventDate "2024.06.15"]
[EventCountry "BRA"]
[SourceTitle "playchess.com"]
[Source "ChessBase"]
[SourceQuality "1"]
[TimeControl "5400+30"]

1. c4 e6 2. Nf3 Nf6 3. Nc3 d5 4. e3 c5 5. cxd5 exd5 6. Bb5+ Nc6 7. d4 Bd6 8. dxc5 Bxc5 9. O-O O-O 10. Be2 Re8 11. b3 a6 12. Bb2 Ba7 13. Re1 Qd6 14. Qd2 Bg4 15. Rad1 Rad8 16. g3 Qe6 17. Qc1 h6 18. Nh4 g5 19. Nf3 0-1

[Event "8th Brazilian Open SESC Caioba 2024"]
[Site "Caioba"]
[Date "2024.06.28"]
[Round "7.6"]
[White "Labussiere, Yago"]
[Black "Di Berardino, Diego Rafael"]
[Result "0-1"]
[ECO "D41"]
[WhiteElo "2219"]
[BlackElo "2473"]
[Annotator "TA"]
[PlyCount "114"]
[EventDate "2024.06.15"]
[EventCountry "BRA"]
[SourceTitle "playchess.com"]
[Source "ChessBase"]
[SourceQuality "1"]
[TimeControl "5400+30"]

1. c4 Nf6 2. Nc3 c5 3. Nf3 d5 4. cxd5 Nxd5 5. e3 e6 6. Bc4 Nc6 7. d4 cxd4 8. exd4 Be7 9. O-O O-O 10. Bd3 Bf6 11. Re1 Ndb4 12. Be3 (12. Be4 $11) 12... Nxd3 $1 $15 13. Qxd3 b6 14. Ne4 Nb4 15. Nxf6+ Qxf6 16. Qd2 Qe7 17. Ne5 Bb7 18. a3 Nd5 19. Rac1 Rad8 20. Nc6 Bxc6 21. Rxc6 h6 22. Rec1 Qf6 23. Qc2 Rfe8 24. Qa4 Qe7 25. h3 Qb7 26. Qc2 $1 Rd7 27. Rc8 Rdd8 28. Rxd8 Rxd8 29. Qc6 Qe7 30. Re1 Qh4 31. Rd1 Qh5 32. Rc1 Qf5 33. Qc2 Qf6 34. Qe4 Qe7 35. Qc2 Qb7 (35... Rd7 {seems wilder.} 36. Qc8+ Kh7 37. Bd2 Qd6) 36. Qc6 Qb8 37. Qc2 Qd6 38. Qc6 Qxc6 39. Rxc6 {[%emt 0:00:02][%mdl 4096] Endgame. KRB-KRN} Kf8 40. Kf1 Ke7 41. Ke2 Kd7 42. Rc1 f5 43. Kd3 Rc8 44. Rg1 g5 45. Bd2 Rf8 46. Rh1 Rg8 47. f3 ({White should try} 47. g4 $11) 47... h5 (47... Nf4+ $15 48. Bxf4 gxf4) 48. g4 $11 f4 49. Re1 ({Much worse is} 49. gxh5 Rh8 $17) (49. h4 $11 hxg4 50. fxg4) 49... Ke7 50. Bb4+ {[%emt 0:00:29] [#]} (50. gxh5 $11 Rh8 51. h4) 50... Kf7 $1 $17 51. Rg1 Rh8 {[%emt 0:00:11] Hoping for ...hxg4.} 52. Ke4 $2 {[%emt 0:00:31][%mdl 8192] White does not recover from this.} (52. gxh5 $17 {is a better chance.} Rxh5 53. Rh1) 52... hxg4 $19 53. hxg4 Rh2 {[%emt 0:00:07] Dodges Rg2} 54. Ke5 a5 ({Weaker is} 54... Rxb2 55. Rh1 $19) 55. Be1 (55. Bc3 $142 Ke7 56. Ke4) 55... Ke7 {[%emt 0:00:33][%cal Rh2e2] [#]} 56. Ke4 Rxb2 {[%emt 0:00:19] ( -> ...Rb3)} 57. Rh1 Rb3 {[%emt 0:02:12] Weighted Error Value: White=0.37/Black=0.08 (flawless) .  Loses game:     	White=1     	---        Mistake:       	White=5     	Black=1      Inaccurate:     	---       	Black=3      OK:         	White=13    	Black=16     Best:        	White=1     	---        Strong:       	White=1     	Black=2} 0-1

[Event "8th Brazilian Open SESC Caioba 2024"]
[Site "Caioba"]
[Date "2024.06.28"]
[Round "7.7"]
[White "Lujan, Carolina"]
[Black "Santiago, Yago De Moura"]
[Result "0-1"]
[ECO "C07"]
[WhiteElo "2269"]
[BlackElo "2462"]
[Annotator "TA"]
[PlyCount "130"]
[EventDate "2024.06.15"]
[EventCountry "BRA"]
[SourceTitle "playchess.com"]
[Source "ChessBase"]
[SourceQuality "1"]
[TimeControl "5400+30"]

1. e4 e6 2. d4 d5 3. Nd2 c5 4. exd5 Qxd5 5. Ngf3 cxd4 6. Bc4 Qd6 7. Ne4 {[%emt 0:00:59] Repels Nf6} Qb4+ 8. Nfd2 Nf6 9. c3 {[%emt 0:08:19] The position is equal.} dxc3 10. bxc3 Qa5 11. Nxf6+ gxf6 12. O-O Bd7 13. Ne4 Be7 14. Qf3 (14. Bf4 $11) 14... Bc6 15. Nxf6+ Bxf6 16. Qxf6 Rg8 17. f3 {[%emt 0:01:30][%cal Oc4e6] And now Bxe6! would win.} Nd7 18. Qh4 (18. Qd4 $11 {and White is okay.}) 18... Ne5 (18... Qxc3 $19 19. Rb1 Ne5) 19. Be2 $15 Qxc3 $40 {[%emt 0:02:26][%mdl 128] Black has some attack.} 20. Rb1 (20. Bg5 $15) 20... Bxf3 (20... Nxf3+ $142 21. Rxf3 (21. Bxf3 $2 Bxf3 22. g3 Qc5+ 23. Rf2 Bc6 $19) 21... Bxf3 22. Bxf3 Qxf3 23. Qa4+ Qc6 24. Qxc6+ bxc6) 21. Bb5+ $17 (21. Bxf3 $2 Nxf3+ 22. Rxf3 Qxf3 $19) 21... Bc6 22. Qf2 (22. Qxh7 Rxg2+ 23. Kh1 Rg6+ (23... Rxa2+ $2 24. Qe4 $19) 24. Bxc6+ Qxc6+) 22... O-O-O 23. Rb3 (23. Bxc6 $17 Qxc6 24. Bh6) 23... Qd4 $2 (23... Rxg2+ 24. Qxg2 Qd4+ 25. Be3 Bxg2 26. Bxd4 Bxf1 27. Bxe5 Bxb5 28. Rxb5 $14) (23... Nf3+ $1 $19 24. Qxf3 Qc5+ (24... Qxf3 $2 25. Rfxf3 Rd1+ 26. Kf2 $19) 25. Be3 Bxf3 26. Bxc5 Rxg2+ 27. Kh1 Be4 (27... Rxa2+ $2 28. Rbxf3 Rb2 29. Ba4 $18) (27... Bd5 $2 28. Bc4 $19)) 24. Be3 $15 {[%emt 0:02:46] A strong pair of Bishops.} Qe4 (24... Rxg2+ $2 25. Qxg2 Bxg2 26. Bxd4 Bxf1 27. Bxe5 Bxb5 28. Rxb5 $18) 25. Bxc6 Nxc6 26. Ra3 (26. g3 $1 $15) 26... a6 $19 27. Bb6 {[%emt 0:00:03][%cal Oa3e3] Strongly threatening Re3!} Rd7 $1 28. Rg3 Rg6 29. Rxg6 hxg6 ({Resist} 29... Qxg6 30. a4 $17) 30. Qb2 Qe5 31. Qa3 Rd6 32. Bf2 f5 33. Re1 Qd5 34. Qc3 e5 $1 ({But not} 34... Qxa2 35. Qh8+ Rd8 36. Qh7 $15) 35. h3 Qe6 ({Don't take} 35... Qxa2 36. Rxe5 Rd1+ 37. Re1) 36. Kh1 (36. a4 $142) 36... Rd5 37. Bb6 (37. a4 $142) 37... Qd6 38. Qb3 Qd7 39. Kh2 Kb8 40. Rb1 (40. a4 $142) 40... Nd4 41. Qb4 Ne6 {[%emt 0:00:16] Repels Qf8+} 42. a4 e4 43. Qb3 Rd3 44. Qc2 Rd2 45. Qb3 (45. Qc3 $142) 45... Rd3 46. Qc2 $1 Qd6+ 47. Kh1 g5 48. a5 {[%emt 0:00:11] [#]} Rd5 $2 (48... Qc6 $1 $19 49. Qb2 Rc3) 49. Rc1 $15 Qd7 {[%emt 0:00:09][%cal Oe4e3] Wards off Qc8+} (49... Qc6 $5 50. Qb2 Qe8 $15) 50. Kh2 (50. Qc3 $11) 50... e3 (50... Qc6 {with more complications.} 51. Qb2 Qd6+ 52. Kh1 Rd1+) 51. Bxe3 {[%emt 0:00:39] Black converts the advantage convincingly.} ({White should try} 51. Qc3 $15) 51... Rxa5 $17 52. Qb2 {[%emt 0:00:22] [#] Hoping for Qb6.} Rd5 $1 53. Qh8+ Qd8 54. Qh5 Rd3 55. Bf2 Rd2 56. Bg3+ (56. Rf1 $17) 56... f4 $19 57. Be1 Rd5 58. Qg6 (58. Bf2 $17 {might work better.}) 58... Nd4 ({Better is} 58... Nc5 $19 {aiming for ...Nd3.} 59. Rb1 Qd6) 59. Bb4 $2 (59. Bf2 $17 {was called for.}) 59... Nc6 60. Rxc6 (60. Bc5) 60... bxc6 61. Qxc6 {[%emt 0:00:03] KQR-KQB} f3 $2 62. Qxa6 $2 (62. Be1 $11 f2 63. Bxf2) 62... Qc7+ {[%emt 0:00:24] Black mates.} 63. Kg1 Qc1+ 64. Kf2 Qb2+ 65. Kxf3 Qxb4 {[%emt 0:00:09] Weighted Error Value: White=0.52/Black=0.44.  Loses game:     	White=2     	---        Missed win:     	---       	Black=3      Mistake:       	White=14    	Black=3      Inaccurate:     	White=1     	Black=6      OK:         	White=15    	Black=18     Best:        	White=5     	Black=4      Strong:       	White=1     	Black=2} 0-1

[Event "8th Brazilian Open SESC Caioba 2024"]
[Site "Caioba"]
[Date "2024.06.28"]
[Round "7.8"]
[White "Casalaspro, Mathias Andre"]
[Black "Cubas, Jose Fernando"]
[Result "1/2-1/2"]
[ECO "B76"]
[WhiteElo "2172"]
[BlackElo "2417"]
[Annotator "RC"]
[PlyCount "112"]
[EventDate "2024.06.15"]
[EventCountry "BRA"]
[SourceTitle "playchess.com"]
[Source "ChessBase"]
[SourceQuality "1"]
[TimeControl "5400+30"]

1. e4 c5 2. Nf3 d6 3. d4 cxd4 4. Nxd4 Nf6 5. Nc3 g6 6. Be3 Bg7 7. f3 Nc6 8. Qd2 O-O 9. O-O-O d5 10. exd5 Nxd5 11. Nxc6 bxc6 12. Bd4 Bxd4 13. Qxd4 Qb6 14. Na4 Qc7 15. h4 Rb8 16. a3 e5 17. Qc5 Be6 18. Bc4 Nb6 19. Nxb6 axb6 20. Qb4 c5 21. Qb5 Bxc4 22. Qxc4 b5 23. Qe4 b4 24. a4 b3 25. c3 c4 26. h5 Ra8 27. hxg6 fxg6 28. Qg4 Rf7 29. Qh4 Rxa4 30. Rd8+ Rf8 31. Rxf8+ Kxf8 32. Qf6+ Kg8 33. Qe6+ Qf7 34. Qxf7+ Kxf7 35. Rxh7+ Ke6 36. Kb1 Ra8 37. Rh6 Kd5 38. Rh4 g5 39. Rh5 Rf8 40. Rxg5 Rh8 41. Kc1 Rh1+ 42. Kd2 Rb1 43. f4 Rxb2+ 44. Kd1 Rb1+ 45. Kd2 Re1 46. Kxe1 b2 47. Rxe5+ Kc6 48. Kf2 b1=Q 49. Re3 Qc2+ 50. Kf3 Qd1+ 51. Kg3 Qf1 52. Rf3 Qe1+ 53. Kh3 Qh1+ 54. Kg3 Qe1+ 55. Kh3 Qh1+ 56. Kg3 Qe1+ 1/2-1/2

[Event "8th Brazilian Open SESC Caioba 2024"]
[Site "Caioba"]
[Date "2024.06.28"]
[Round "7.9"]
[White "Sunye Neto, Jaime"]
[Black "Van Riemsdijk, Herman C."]
[Result "1/2-1/2"]
[ECO "E05"]
[WhiteElo "2398"]
[BlackElo "2248"]
[Annotator "RC"]
[PlyCount "99"]
[EventDate "2024.06.15"]
[EventCountry "BRA"]
[SourceTitle "playchess.com"]
[Source "ChessBase"]
[SourceQuality "1"]
[TimeControl "5400+30"]

1. c4 e6 2. Nf3 d5 3. g3 Nf6 4. Bg2 Be7 5. O-O O-O 6. d4 dxc4 7. Qa4 a6 8. Qxc4 b5 9. Qc2 Bb7 10. Bg5 Nc6 11. Rd1 Nb4 12. Qc1 Ne4 13. Bxe7 Qxe7 14. a3 Nd5 15. Ne5 Nd6 16. Nd2 Nb6 17. Bxb7 Nxb7 18. Qc6 Nd8 19. Qc2 f6 20. Nef3 Nb7 21. Ne4 Rfc8 22. Nc5 Nxc5 23. dxc5 Nd7 24. b4 Rd8 25. Qe4 e5 26. Nd4 Qf7 27. Nc6 Re8 28. Qd5 Nf8 29. Qxf7+ Kxf7 30. Rd5 Rac8 31. Rad1 g5 32. h3 h5 33. e4 g4 34. hxg4 hxg4 35. Kf1 Kg6 36. Ke2 Re6 37. Rd8 Rxd8 38. Rxd8 Rxc6 39. Rxf8 a5 40. Rb8 axb4 41. axb4 Ra6 42. Rxb5 Ra2+ 43. Kf1 Ra1+ 44. Kg2 Re1 45. Rb8 c6 46. Rg8+ Kf7 47. Rxg4 Rb1 48. Rh4 Kg7 49. Rg4+ Kf7 50. Rh4 1/2-1/2

[Event "8th Brazilian Open SESC Caioba 2024"]
[Site "Caioba"]
[Date "2024.06.28"]
[Round "7.10"]
[White "Rodi, Luis Ernesto"]
[Black "Matsuura, Everaldo"]
[Result "1/2-1/2"]
[ECO "B23"]
[WhiteElo "2208"]
[BlackElo "2380"]
[Annotator "RC"]
[PlyCount "25"]
[EventDate "2024.06.15"]
[EventCountry "BRA"]
[SourceTitle "playchess.com"]
[Source "ChessBase"]
[SourceQuality "1"]
[TimeControl "5400+30"]

1. e4 c5 2. Nc3 Nc6 3. Bb5 Nd4 4. Nf3 a6 5. Bd3 Nc6 6. O-O d6 7. Bc4 e6 8. d4 cxd4 9. Nxd4 Qc7 10. Nxc6 Qxc6 11. Qe2 Be7 12. f4 Nf6 13. Kh1 1/2-1/2

[Event "8th Brazilian Open SESC Caioba 2024"]
[Site "Caioba"]
[Date "2024.06.28"]
[Round "7.11"]
[White "Umetsubo, Cesar Hidemitsu"]
[Black "Piccoli, Lucas Fonseca"]
[Result "1-0"]
[ECO "E33"]
[WhiteElo "2362"]
[BlackElo "2242"]
[Annotator "RC"]
[PlyCount "91"]
[EventDate "2024.06.15"]
[EventCountry "BRA"]
[SourceTitle "playchess.com"]
[Source "ChessBase"]
[SourceQuality "1"]
[TimeControl "5400+30"]

1. d4 Nf6 2. c4 e6 3. Nc3 Bb4 4. Qc2 Nc6 5. Nf3 d6 6. Bd2 O-O 7. a3 Bxc3 8. Bxc3 a5 9. e4 Nd7 10. Rd1 e5 11. dxe5 dxe5 12. Nxe5 Ncxe5 13. Bxe5 Re8 14. Bg3 Qe7 15. Be2 Nf6 16. e5 Ng4 17. Qc3 f6 18. Bxg4 Bxg4 19. Rd4 Rad8 20. O-O Rxd4 21. Qxd4 Qd7 22. Qc3 fxe5 23. Bxe5 Re6 24. h3 Bf5 25. Qxa5 b6 26. Qc3 Rg6 27. Bg3 h5 28. Kh2 Qc6 29. Qe5 Bd3 30. Rd1 h4 31. Rxd3 hxg3+ 32. fxg3 Qxc4 33. Rc3 Qe6 34. Qxe6+ Rxe6 35. Rxc7 Re2 36. b4 Re3 37. Rb7 Re6 38. a4 Kf8 39. g4 g5 40. Kg3 Rf6 41. b5 Rd6 42. Kf3 Re6 43. Rc7 Rf6+ 44. Ke3 Rf4 45. a5 bxa5 46. b6 1-0

[Event "8th Brazilian Open SESC Caioba 2024"]
[Site "Caioba"]
[Date "2024.06.28"]
[Round "7.12"]
[White "Tsuboi, Edson Kenji"]
[Black "Do Valle Cardoso, Lucas"]
[Result "0-1"]
[ECO "B60"]
[WhiteElo "2193"]
[BlackElo "2356"]
[Annotator "RC"]
[PlyCount "69"]
[EventDate "2024.06.15"]
[EventCountry "BRA"]
[SourceTitle "playchess.com"]
[Source "ChessBase"]
[SourceQuality "1"]
[TimeControl "5400+30"]

1. e4 c5 2. Nf3 d6 3. d4 cxd4 4. Nxd4 Nf6 5. Nc3 Nc6 6. Bg5 Qa5 7. Bxf6 gxf6 8. Be2 Rg8 9. g3 Bd7 10. Qd2 Nxd4 11. Qxd4 f5 12. exf5 Bg7 13. Qe3 Bxf5 14. O-O Be6 15. Rfe1 O-O-O 16. Nb5 Kb8 17. c3 Bf6 18. a4 Bd7 19. Bc4 Be8 20. Bd5 Qb6 21. Qxb6 axb6 22. Rad1 h5 23. Re3 h4 24. Kh1 Rg5 25. Bg2 Bxb5 26. axb5 Rxb5 27. Re2 e6 28. gxh4 Bxh4 29. Re4 Bxf2 30. Rf4 Rxb2 31. Rxf7 d5 32. c4 Bc5 33. cxd5 Rg8 34. Be4 exd5 35. Bh7 0-1

[Event "8th Brazilian Open SESC Caioba 2024"]
[Site "Caioba"]
[Date "2024.06.28"]
[Round "7.13"]
[White "Hoffman, Alejandro"]
[Black "Aranha Filho, Alvaro Z."]
[Result "1-0"]
[ECO "A14"]
[WhiteElo "2355"]
[BlackElo "2200"]
[Annotator "RC"]
[PlyCount "81"]
[EventDate "2024.06.15"]
[EventCountry "BRA"]
[SourceTitle "playchess.com"]
[Source "ChessBase"]
[SourceQuality "1"]
[TimeControl "5400+30"]

1. Nf3 d5 2. c4 e6 3. g3 Nf6 4. Bg2 Be7 5. O-O O-O 6. b3 d4 7. e3 c5 8. exd4 cxd4 9. d3 Nc6 10. Re1 Nd7 11. Na3 e5 12. Nc2 a5 13. a3 f5 14. Rb1 Bf6 15. b4 Re8 16. h4 h6 17. c5 Nf8 18. b5 Ne7 19. Nd2 Ne6 20. c6 bxc6 21. bxc6 Nd5 22. Qh5 Re7 23. Nc4 Nec7 24. Bd2 Nc3 25. Rb7 Ra6 26. Rb8 Ra8 27. Rxa8 Nxa8 28. Bg5 hxg5 29. hxg5 g6 30. Qxg6+ Bg7 31. Rxe5 Rxe5 32. Nxe5 Qe7 33. Nd7 Bxd7 34. cxd7 Nc7 35. Qc6 Qd8 36. Bh3 f4 37. Be6+ Kh7 38. Qh1+ Kg6 39. g4 Kxg5 40. Qh5+ Kf6 41. Qh4+ 1-0

[Event "8th Brazilian Open SESC Caioba 2024"]
[Site "Caioba"]
[Date "2024.06.28"]
[Round "7.14"]
[White "Lage, Pedro Ferreira"]
[Black "Acosta, Pablo Ismael"]
[Result "1-0"]
[ECO "A06"]
[WhiteElo "2077"]
[BlackElo "2449"]
[Annotator "TA"]
[PlyCount "107"]
[EventDate "2024.06.15"]
[EventCountry "BRA"]
[SourceTitle "playchess.com"]
[Source "ChessBase"]
[SourceQuality "1"]
[TimeControl "5400+30"]

1. Nf3 d5 2. e3 Nf6 3. b3 Bg4 4. Bb2 Nbd7 5. Be2 Bxf3 6. Bxf3 e5 7. d4 e4 8. Be2 c6 9. O-O Bd6 10. Ba3 Bxa3 11. Nxa3 Qe7 12. Nb1 h5 13. c4 Qd6 14. Nc3 a6 15. cxd5 cxd5 16. Rc1 Ng4 17. g3 $1 f5 18. Qc2 Ke7 19. Na4 (19. b4 $5) 19... Nxh2 $2 (19... Rab8 $11 {and Black has nothing to worry.}) 20. Kxh2 $18 h4 21. Kg2 hxg3 22. Rh1 $2 (22. fxg3 $18 Qh6 23. Kf2 (23. Rxf5 $2 Qh2+ 24. Kf1 Qh1+ 25. Kf2 Rh2#)) 22... gxf2 $1 $15 23. Kxf2 Rh2+ (23... f4 $11 24. Rcg1 Rxh1 25. Rxh1 f3) 24. Rxh2 $16 Qxh2+ 25. Ke1 Qg3+ 26. Kd2 f4 27. Qc3 (27. exf4 $1 $16 Qxf4+ 28. Kd1) 27... f3 $2 (27... b5 $1 $14) 28. Qb4+ $18 Qd6 29. Qxb7 Rb8 30. Qxa6 fxe2 {[%emt 0:04:16] [#]} 31. Qxd6+ $1 (31. Qxe2 g6 32. Kc2 Rh8 $18) 31... Kxd6 32. Rg1 (32. Kxe2 Rh8 $16) 32... Rh8 33. Rxg7 (33. Kxe2 Rh2+ 34. Kd1 Rxa2 35. Rxg7 Ra1+ 36. Kc2 Ra2+ 37. Kc1 Nf6 $16) (33. Nc3 $142) 33... Rh1 $18 34. Rg6+ Ke7 (34... Kc7 {keeps fighting.} 35. Kxe2 Rh2+ 36. Kd1 Rxa2) 35. Kxe2 $18 Rh2+ 36. Kd1 Rxa2 $2 (36... Kf7 37. Rg5 Rxa2 38. Rxd5 Nf6) 37. Nc3 $18 Ra1+ 38. Kc2 Nf6 39. b4 Kf7 40. Rg5 Ke6 41. b5 Kd6 42. b6 Kc6 $2 (42... Ra8 43. Rg7 Rc8) 43. Rf5 $2 (43. Rg6 Kxb6 44. Nxd5+ (44. Rxf6+ Kb7 $18) 44... Ka5 45. Nxf6 (45. Rxf6 Rh1 $18)) 43... Ng4 44. Nxd5 Ra5 (44... Ra3 {was worth a try.} 45. Kb2 Rxe3 46. Nxe3 Nxe3 47. Rf6+ Kb7) 45. Rf4 $18 Ra2+ (45... Ne5 $142 46. Nb4+ (46. dxe5 Kxd5 47. e6 Kxe6 $18) (46. Rxe4 Nc4 $18) 46... Kxb6 47. dxe5 Rxe5) 46. Kb3 $18 Rg2 47. Rf7 Kxd5 48. b7 Rg1 49. Ka2 Rg2+ 50. Ka1 Rg1+ 51. Kb2 Rg2+ {[%emt 0:00:00] [#]} 52. Kc3 $2 ({White must play} 52. Ka3 $1 $18 Nxe3 53. Rc7 (53. b8=R $2 Nc4+ 54. Kb3 Rb2+ 55. Kc3 Rxb8 $19) (53. Rd7+ Kc6 $11) 53... Nc4+ (53... Kxd4 $2 54. b8=Q $18) (53... Rg8 $2 54. Rc8 $18) 54. Rxc4 Kxc4 55. b8=Q (55. b8=B e3 56. Bc7 e2 57. Ba5 Kxd4 58. Kb3 Kd3 59. Be1 Rg1 60. Bh4 e1=Q 61. Bxe1 Rxe1 62. Kb4 Re5 63. Kb3 Rb5+ 64. Ka4 Kc4 65. Ka3 Rb6 66. Ka2 Kc3 67. Ka1 Kc2 68. Ka2 Ra6#) 55... Kxd4 56. Kb3) 52... Nxe3 $11 53. Rd7+ (53. b8=B Nd1+ 54. Kb4 Rb2+ (54... Kxd4 55. Rd7+ Ke3 56. Ba7+ Ke2 57. Rh7 $15) 55. Ka5 Rxb8 $19) 53... Kc6 54. d5+ (54. b8=Q $2 {perishes.} Nd1+ 55. Kc4 Rc2+ (55... Kxd7 56. Qb7+ Kd6 57. Qd5+ Kc7 58. Qxe4 $18) 56. Kb4 Rb2+ (56... Kxd7 $2 {is the wrong capture.} 57. Qb5+ Kd8 58. Qd5+ Kc7 59. Qxe4 $18) 57. Kc4 Rxb8 $19) 1-0

[Event "8th Brazilian Open SESC Caioba 2024"]
[Site "Caioba"]
[Date "2024.06.28"]
[Round "7.15"]
[White "Gauche, Charles"]
[Black "Hernandez Guerrero, Gilberto"]
[Result "1/2-1/2"]
[ECO "B42"]
[WhiteElo "2153"]
[BlackElo "2506"]
[Annotator "RC"]
[PlyCount "56"]
[EventDate "2024.06.15"]
[EventCountry "BRA"]
[SourceTitle "playchess.com"]
[Source "ChessBase"]
[SourceQuality "1"]
[TimeControl "5400+30"]

1. e4 c5 2. Nf3 e6 3. d4 cxd4 4. Nxd4 a6 5. Bd3 Bc5 6. Nb3 Ba7 7. c4 Nc6 8. O-O d6 9. Nc3 Nf6 10. Qe2 h6 11. Rd1 O-O 12. Be3 e5 13. Bxa7 Rxa7 14. Rd2 Be6 15. Rad1 Qb8 16. Nd5 Nd7 17. Qe3 b6 18. Bf1 Nc5 19. Nc1 b5 20. Ne2 b4 21. Ng3 f6 22. Qe1 a5 23. Ne3 Nd4 24. f3 Rd8 25. Ne2 Nc6 26. Ng3 Nd4 27. Ne2 Nc6 28. Ng3 Nd4 1/2-1/2